 Dungeon Crawl Stone Soup version 0.28-a0-422-gd71735cc25 (webtiles) character file.

Game seed: 7639252480308257109

0 siradein the Chiller (level 1, 0/10 HPs)
             Began as a Deep Elf Ice Elementalist on Sept 8, 2021.
             Slain by a jackal (3 damage)
             ... on level 1 of the Dungeon.
             The game lasted 00:00:11 (13 turns).

siradein the Chiller (Deep Elf Ice Elementalist)      Turns: 13, Time: 00:00:12

Health: 0/10       AC:  2    Str:  5    XL:     1   Next: 0%
Magic:  3/6        EV: 12    Int: 19    God:
Gold:   0          SH:  0    Dex: 15    Spells: 5/6 levels left

rFire   . . .      SeeInvis .   (no weapon)
rCold   . . .      Faith    .   (no shield)
rNeg    . . .      Spirit   .   a - +0 robe
rPois   .          Reflect  .   (no helmet)
rElec   .          Harm     .   (no cloak)
rCorr   .          Rampage  .   (no gloves)
Will    .....                   (no boots)
Stlth   ++........              (no amulet)
HPRegen 0.03/turn               (no ring)
MPRegen 0.10/turn               (no ring)

@: very slightly contaminated
A: no striking features
a: no special abilities


You were on level 1 of the Dungeon.
You visited 1 branch of the dungeon, and saw 1 of its levels.

Inventory:

Armour
 a - a +0 robe (worn)


   Skills:
 - Level 2.4 Dodging
 - Level 2.4 Stealth
 + Level 3.0 Spellcasting
 + Level 4.3 Ice Magic


You had 5 spell levels left.
You knew the following spells:

 Your Spells              Type           Power      Damage    Failure   Level
a - Freeze                Ice            76%        1d9       2%          1

Your spell library contained the following spells:

 Spells                   Type           Power      Damage    Failure   Level
 Frozen Ramparts          Ice            38%        1d5       8%          3
 Ozocubu's Armour         Ice            19%        N/A       8%          3
 Hailstorm                Conj/Ice       11%        3d5       52%         4


Dungeon Overview and Level Annotations

Branches:
Dungeon (1/15)

Altars:


Message History

You add the spells Freeze, Frozen Ramparts, Ozocubu's Armour and Hailstorm to your library.
Welcome, siradein the Deep Elf Ice Elementalist.
Will you prevail where others failed? Will you find the Orb of Zot?
Press ? for a list of commands and other information.
Found a staircase leading out of the dungeon.
Found a ring mail. 2 jackals come into view.
There are monsters nearby!
There are monsters nearby!
There are monsters nearby!
The jackal barks!
The jackal closely misses you.
Aiming: Freeze (safe; 2% risk of failure)
Press: ? - help, Q - select action Shift-Dir - straight line, f - jackal
Aim: a jackal You freeze the jackal.
The jackal is moderately wounded.
The jackal barely misses you. The jackal bites you.
Aiming: Freeze (safe; 2% risk of failure)
Press: ? - help, Q - select action Shift-Dir - straight line, f/p - jackal
Aim: a jackal (moderately wounded)
You miscast Freeze.
You are very lightly contaminated with residual magic.
Nothing appears to happen.
The jackal bites you. x2
* * * LOW HITPOINT WARNING * * *
Aiming: Freeze (safe; 2% risk of failure)
Press: ? - help, Q - select action Shift-Dir - straight line, f/p - jackal
Aim: a jackal (moderately wounded)
You freeze the jackal.
You kill the jackal!
The jackal bites you.
You die...

.. ##.#### ###
......#..#
......#.
#.#.....##
#.#......#
#.#..h†..# #.#
#.@..# #.#.##.[.#
#.#⌠.....#
..#####.#####..#.#
.......<.........#
..#####.#####..#.#
#.# ...#.# #.#
#...# # #.# ....#


You could see a jackal.

Vanquished Creatures
  A jackal (D:1)
1 creature vanquished.

Notes
Turn   | Place    | Note
-------+----------+-------------------------------------------
     0 | D:1      | siradein the Deep Elf Ice Elementalist began the quest for
                  | the Orb.
     0 | D:1      | Reached XP level 1. HP: 10/10 MP: 6/6
    13 | D:1      | Slain by a jackal

Illustrated notes

Levels and vault maps discovered:
D:1:      matt_arrival_grand_opening, layout_basic,
          ebering_ecumenical_altar_rust, item_on_display_a

Action                   || total
-------------------------++-------
 Cast: Freeze            ||     2
Dodge: Dodged            ||     2

Table legend: (Time is in decaauts)
 A = Elapsed time spent in this place.
 B = Non-inter-level travel time spent in this place.
 C = Inter-level travel time spent in this place.
 D = Time resting spent in this place.
 E = Time spent auto-exploring this place.
 F = Levels seen in this place.
 G = Mean time per level.
                   A        B        C        D        E       F      G
               +--------+--------+--------+--------+--------+-----+--------+
         Total |     13 |     13 |      0 |      0 |      6 |   1 |   13.0 |
       Dungeon |     13 |     13 |      0 |      0 |      6 |   1 |   13.0 |
               +--------+--------+--------+--------+--------+-----+--------+

Top non-repeatable levels by time:
     D:1: 13 daAuts
